 Dungeon Crawl Stone Soup version 0.31-a0-542-gdc2a67831c (webtiles) character file.

Game seed: 14211250193730211107

4428 GordonOverkill the Thrower (level 10, -17/51 HPs)
             Began as a Vine Stalker Delver on Aug 14, 2023.
             Was an Elder of Okawaru.
             Demolished by an orc warlord
             ... wielding a +6 battleaxe
              (21 damage)
             ... in a bailey.
             The game lasted 00:19:42 (8037 turns).

GordonOverkill the Thrower (Vine Stalker Delver)    Turns: 8037, Time: 00:19:43

Health: -17/51     AC:  8    Str: 17 (20) XL:     10   Next: 36%
Magic:  0/14       EV: 11    Int:  9 (10) God:    Okawaru [****..]
Gold:   397        SH:  0    Dex: 12 (15) Spells: 9/9 levels left

rFire   + . .        a - +8 trident
rCold   . . .        (no shield)
rNeg    + . .        B - +1 leather armour {rF+}
rPois   .            v - +2 helmet
rElec   .            (no cloak)
rCorr   .            m - +0 pair of gloves
SInv    .            (no boots)
Will    ++...        (no amulet)
Stlth   +++          C - ring of willpower
HPRegen 1.08/turn    D - ring of positive energy
MPRegen 0.14/turn

%: guardian spirit
@: brilliant
A: fangs 3, regeneration 1, magic shield, antimagic bite, no potion heal 2
a: Renounce Religion, Heroism, Finesse


You were in a bailey.
You worshipped Okawaru.
Okawaru was greatly pleased with you.
You visited 2 branches of the dungeon, and saw 9 of its levels.
You also visited: Bailey.

You collected 397 gold pieces.

Inventory:

Hand Weapons
 a - a +8 trident (weapon)
 f - a +1 short sword of holy wrath
 k - a +5 dagger of draining
Missiles
 q - 22 boomerangs
 x - 2 poisoned darts
Armour
 l - a +0 chain mail
 m - a +0 pair of gloves (worn)
 v - a +2 helmet (worn)
 B - a +1 leather armour of fire resistance (worn)
Jewellery
 C - a ring of willpower (left hand)
 D - a ring of positive energy (right hand)
Talismans
 I - a granite talisman
Wands
 g - a wand of digging (3)
 K - a wand of polymorph (7)
Scrolls
 c - 4 scrolls of fog
 d - 3 scrolls of revelation
 i - 2 scrolls of teleportation
 G - a scroll of blinking
 M - a scroll of fear
Potions
 e - a potion of degeneration
 j - a potion of mutation
 t - a potion of magic
 w - a potion of cancellation
 H - a potion of curing
 J - 2 potions of haste


   Skills:
 + Level 5.0 Fighting
 - Level 2.0 Short Blades
 - Level 1.7 Maces & Flails
 - Level 5.0 Polearms
 + Level 10.0 Throwing
 - Level 3.0 Armour
 - Level 1.5 Dodging
 - Level 6.0 Stealth
 - Level 5.0 Invocations
 + Level 0.0 Evocations


You had 9 spell levels left.
You didn't know any spells.
Your spell library contained the following spells:

 Spells                   Type           Power      Damage    Failure   Level
 Foxfire                  Conj/Fire      0%         2x1d4     43%         1
 Cigotuvi's Dreadful Rot  Necr/Pois/Air  0%         N/A       58%         2
 Sublimation of Blood     Necr           0%         N/A       58%         2
 Gell's Gravitas          Tloc           0%         N/A       82%         3
 Ignite Poison            Fire/Tmut/Pois 0%         N/A       82%         3
 Teleport Other           Tloc           0%         N/A       82%         3
 Leda's Liquefaction      Hex/Erth       0%         N/A       99%         4
 Olgreb's Toxic Radiance  Pois           0%         N/A       99%         4
 Petrify                  Tmut/Erth      0%         N/A       99%         4
 Freezing Cloud           Conj/Ice/Air   0%         6-21      100%        5
 Irradiate                Conj/Tmut      0%         3d11      100%        5
 Lee's Rapid Deconstruct  Erth           0%         3d4*      100%        5
 Dispersal                Tloc           0%         N/A       100%        6
 Leda's Unmaking          Conj/Erth      0%         9d1       100%        6
 Plasma Beam              Fire/Air       0%         2x1d10    100%        6
 Starburst                Conj/Fire      0%         6d3       100%        6
 Discord                  Hex            0%         N/A       100%        8
 Ignition                 Fire           0%         3d3       100%        8


Dungeon Overview and Level Annotations

Branches:
Dungeon (8/15)             Temple (1/1) D:4            Lair (0/5) D:8
 Bailey (1/1)

Altars:
Ashenzari
Cheibriados
Dithmenos
Elyvilon
Fedhas
Gozag
Hepliaklqana
Kikubaaqudgha
Nemelex Xobeh
Okawaru
Qazlal
Ru
Sif Muna
Trog
Uskayaw
Vehumet
Wu Jian
Xom
Yredelemnul
Zin
The Shining One

Shops:
D:5 =


Innate Abilities, Weirdness & Mutations

You have razor-sharp teeth.
Your natural rate of healing is unusually fast.
When hurt, damage is shared between your health and your magic reserves.
Your bite disrupts and absorbs the magic of your enemies.
Potions cannot restore your health.


Message History

The orc warlord is no longer moving slowly.
There is an open door here.
Throw: 2 javelins (silver)
Press: ? - help, Q - select action, (/) - cycle Shift-Dir - straight line, f/p - orc warlord
Aim: an orc warlord, wielding a +6 battleaxe and wearing a +0 chain mail (moderately wounded, poisoned, 70% to hit)
You throw a silver javelin.
The silver javelin pierces through the orc warlord!!
The orc warlord is heavily wounded.
Throw: javelin (silver)
Press: ? - help, Q - select action, (/) - cycle Shift-Dir - straight line, f/p - orc warlord
Aim: an orc warlord, wielding a +6 battleaxe and wearing a +0 chain mail (heavily wounded, poisoned, 70% to hit)
You throw a silver javelin.
The silver javelin pierces through the orc warlord!
The orc warlord is severely wounded.
Throw: 3 javelins
Press: ? - help, Q - select action, (/) - cycle Shift-Dir - straight line, f/p - orc warlord
Aim: an orc warlord, wielding a +6 battleaxe and wearing a +0 chain mail (severely wounded, poisoned, 70% to hit)
You throw a javelin.
The javelin barely misses the orc warlord.
Throw: 2 javelins
Press: ? - help, Q - select action, (/) - cycle Shift-Dir - straight line, f/p - orc warlord
Aim: an orc warlord, wielding a +6 battleaxe and wearing a +0 chain mail (severely wounded, poisoned, 70% to hit)
You throw a javelin.
The javelin barely misses the orc warlord.
The orc warlord misses you.
Throw: javelin
Press: ? - help, Q - select action, (/) - cycle Shift-Dir - straight line, f/p - orc warlord
Aim: an orc warlord, wielding a +6 battleaxe and wearing a +0 chain mail (severely wounded, poisoned, 70% to hit)
You throw a javelin.
The javelin completely misses the orc warlord.
The orc warlord looks more healthy.
The orc warlord hits you with a +6 battleaxe!!
* * * LOW HITPOINT WARNING * * *
You hit the orc warlord but do no damage.
Your bite misses the orc warlord.
The orc warlord is severely wounded.
The orc warlord hits you with a +6 battleaxe!!
* * * LOW HITPOINT WARNING * * *
The orc warlord hits you with a +6 battleaxe!!
You die...

##...##.......##...#
##.....##.....##.....
##...8...##'''##...8..
##.......).....÷)......
#......................
#..8..8.............8..
#......).........))....
##......####...####....
♣##...@##~~#####~~##÷..
♣.##).o#~=?8...8?"~#...
♣♣..###'#~.........~#)##
♣...~~~.#~..8...8..~#.~~
♣♣...~~~.##.........##)~~
♣∩...~~~.#~....∩....~#.~~
♣♣...~~~.#~.........~#.~~
♣...~~~(#~~.8...8.~~#)~~
♣♣..###'###.......###'##


You could see an orc warlord.

Vanquished Creatures
  A two-headed ogre (D:8)
  A gargoyle (D:8)
  Maggie (D:8)
  Prince Ribbit (D:7)
  2 water moccasins
  Duvessa (D:6)
  6 orc warriors
  A black bear (D:6)
  An ogre (D:6)
  3 phantoms
  Blork the orc (D:6)
  3 bullfrogs
  5 scorpions
  5 wights (D:7)
  Dowan (D:6)
  5 killer bees (D:7)
  A howler monkey (D:7)
  6 hounds
  A gnoll bouda (D:7)
  An orc priest (D:7)
  2 sleepcaps
  3 iguanas
  An orc wizard (D:7)
  7 adders
  7 gnolls
  3 shadow imps
  A white imp (D:6)
  A worm (D:3)
  3 dart slugs
  20 orcs
  3 ball pythons
  4 bats
  4 endoplasms
  2 giant cockroaches
  11 goblins
  9 hobgoblins
  9 jackals
  15 kobolds
  3 quokkas
  5 frilled lizards
  8 rats
168 creatures vanquished.

Vanquished Creatures (others)
  A goblin (D:8)
1 creature vanquished.

Grand Total: 169 creatures vanquished

Notes
Turn   | Place    | Note
-------+----------+-------------------------------------------
     0 | D:5      | GordonOverkill the Vine Stalker Delver began the quest for
                  | the Orb.
     0 | D:5      | Reached XP level 1. HP: 11/11 MP: 2/2
    12 | D:6      | Reached skill level 1 in Throwing
    12 | D:6      | Reached XP level 2. HP: 8/16 MP: 1/3
   105 | D:6      | Noticed Duvessa
   105 | D:6      | Noticed Dowan
   128 | D:5      | Found Bikonudd's Jewellery Shoppe.
   324 | D:5      | Noticed a water moccasin
   343 | D:5      | Killed a water moccasin
   344 | D:5      | Reached skill level 4 in Throwing
   344 | D:5      | Reached XP level 3. HP: 7/20 MP: 1/4
   344 | D:5      | Gained mutation: Your natural rate of healing is unusually
                  | fast. [Vine Stalker growth]
   344 | D:5      | Reached XP level 4. HP: 8/24 MP: 1/5
   344 | D:5      | Reached XP level 5. HP: 9/28 MP: 1/6
   417 | D:5      | Noticed a phantom
   587 | D:4      | Found a staircase to the Ecumenical Temple.
   600 | Temple   | Entered the Ecumenical Temple
   609 | Temple   | Became a worshipper of Warmaster Okawaru
   881 | D:3      | Reached skill level 1 in Invocations
   895 | D:2      | Reached skill level 1 in Short Blades
  1601 | D:2      | Reached XP level 6. HP: 32/32 MP: 7/7
  2313 | D:3      | Found a faded altar of an unknown god.
  3278 | D:4      | Reached skill level 1 in Armour
  3642 | D:5      | Reached * piety under Okawaru
  3643 | D:5      | Reached XP level 7. HP: 35/36 MP: 9/9
  3790 | D:5      | Reached skill level 5 in Throwing
  4282 | D:6      | Gained mutation: You have razor-sharp teeth. [Vine Stalker
                  | growth]
  4282 | D:6      | Reached XP level 8. HP: 40/40 MP: 12/12
  4497 | D:6      | Reached skill level 5 in Invocations
  4593 | D:6      | Reached ** piety under Okawaru
  4646 | D:6      | Noticed Blork the orc
  4655 | D:6      | Killed Blork the orc
  4844 | D:6      | Reached skill level 6 in Throwing
  5069 | D:6      | Killed Duvessa
  5071 | D:6      | Killed Dowan
  5932 | D:7      | Noticed Prince Ribbit
  5940 | D:7      | Killed Prince Ribbit
  5941 | D:7      | Reached skill level 5 in Fighting
  5941 | D:7      | Reached skill level 7 in Throwing
  5941 | D:7      | Reached XP level 9. HP: 40/47 MP: 8/13
  6215 | D:7      | Reached *** piety under Okawaru
  6438 | D:7      | Reached skill level 8 in Throwing
  6738 | D:7      | Reached skill level 1 in Polearms
  6802 | D:8      | Found a flagged portal.
  6807 | D:8      | Noticed Maggie
  6899 | D:8      | Noticed a gargoyle
  6900 | D:8      | Noticed a two-headed ogre
  6906 | D:8      | Killed a gargoyle
  6923 | D:8      | Killed a two-headed ogre
  6923 | D:8      | Reached **** piety under Okawaru
  6924 | D:8      | Reached skill level 9 in Throwing
  6924 | D:8      | Reached XP level 10. HP: 27/51 MP: 5/14
  7035 | D:8      | Killed Maggie
  7092 | D:8      | Found a staircase to the Lair.
  7093 | D:8      | Noticed a fire crab
  7318 | Bailey   | Entered a bailey
  7332 | Bailey   | Noticed an orc warlord
  7436 | Bailey   | Reached skill level 5 in Polearms
  7448 | Bailey   | Found a runed translucent gate.
  7448 | Bailey   | Found a runed translucent gate.
  7472 | Bailey   | Found a runed translucent gate.
  7494 | Bailey   | Reached skill level 10 in Throwing
  8037 | Bailey   | Demolished by an orc warlord

Illustrated notes

Levels and vault maps discovered:
D:1:      minmay_arrival_checkered_box, layout_basic
D:2:      layout_basic, minmay_misc_feat_pillars,
          wander_ebering_terrifying_dragon_lair
D:3:      layout_rooms, shapermc_ecumenical_altar_petra
D:4:      layout_basic, minmay_temple_entry_glass
D:5:      layout_gridville, serial_shops, shop
D:6:      layout_basic, nicolae_titane, uniq_blork_the_orc, uniq_duvessa
D:7:      layout_basic, uniq_prince_ribbit1
D:8:      layout_loops_ring, minmay_lair_entry_lava, enter_bailey_5, uniq_erica,
          uniq_grum, uniq_maggie, uniq_pikel
Temple:   grunt_wide_crystal_templ
Bailey:   bailey_axe_bossmonster_kennysheep, bailey

Skill      XL: |  1  2  3  4  5  6  7  8  9 10 |
---------------+-------------------------------+-----
Fighting       | 3 5 |  5.0
Throwing       | 1 4 5 7 9 10 | 10.0
Invocations    | 1 2 4 5 |  5.0
Short Blades   | 1 2 |  2.0
Armour         | 1 3 |  3.0
Polearms       | 4 5 |  5.0
Maces & Flails | |  1.7
Dodging        | |  1.5
Stealth        | |  6.0

Action                     |  1- 3 |  4- 6 |  7- 9 | 10-12 || total
---------------------------+-------+-------+-------+-------++-------
  Melee: Mace              |    23 |    15 |       |       ||    38
         Bite              |     6 |    34 |    62 |    11 ||   113
         Dagger            |       |   131 |   186 |    64 ||   381
         Short sword       |       |    11 |       |       ||    11
         Punch             |       |     2 |     2 |     1 ||     5
         Trident           |       |       |       |     5 ||     5
  Throw: Javelin           |       |     3 |    25 |    10 ||    38
         Dart              |       |    18 |    28 |     4 ||    50
         Throwing net      |       |       |     1 |       ||     1
         Boomerang         |       |       |       |    60 ||    60
  Evoke: Wand              |       |       |    10 |       ||    10
    Use: Potion            |     1 |       |       |     7 ||     8
         Scroll            |       |       |     5 |    14 ||    19
   Stab: Sleeping          |     1 |     2 |       |       ||     3
         Held in net/web   |       |       |     1 |       ||     1
 Armour: Leather armour    |     2 |     6 |       |     6 ||    14
         Chain mail        |       |    49 |    85 |     8 ||   142
         Skin              |       |       |       |    36 ||    36
  Dodge: Dodged            |    16 |    53 |    77 |    47 ||   193

Table legend: (Time is in decaauts)
 A = Elapsed time spent in this place.
 B = Non-inter-level travel time spent in this place.
 C = Inter-level travel time spent in this place.
 D = Time resting spent in this place.
 E = Time spent auto-exploring this place.
 F = Levels seen in this place.
 G = Mean time per level.
                   A        B        C        D        E       F      G
               +--------+--------+--------+--------+--------+-----+--------+
         Total |   7968 |   7212 |    756 |    886 |   4328 |  10 |  796.8 |
       Dungeon |   7236 |   6488 |    748 |    535 |   4239 |   8 |  904.5 |
        Temple |     18 |     10 |      8 |      0 |      0 |   1 |   18.0 |
        Bailey |    712 |    712 |      0 |    351 |     89 |   1 |  712.0 |
               +--------+--------+--------+--------+--------+-----+--------+

Top non-repeatable levels by time:
     D:6: 1729 daAuts
     D:4: 1269 daAuts
     D:7: 1065 daAuts
     D:5: 947 daAuts
     D:2: 855 daAuts
  Bailey: 712 daAuts
     D:1: 539 daAuts
     D:3: 521 daAuts
     D:8: 308 daAuts
  Temple: 18 daAuts
